 Dungeon Crawl Stone Soup version 0.32-a0-42-ga30500b4d3 (webtiles) character file.

Game seed: 4681706347052111780

526 cforsyth the Trooper (level 7, -1/82 HPs)
             Began as a Djinni Warper on Feb 3, 2024.
             Slain by a sleepcap (3 damage)
             ... on level 6 of the Dungeon.
             The game lasted 00:04:21 (3243 turns).

cforsyth the Trooper (Djinni Warper)                Turns: 3243, Time: 00:04:22

Health: -1/82      AC: 23    Str:  6    XL:     7   Next: 47%
Gold:   164        EV:  2    Int: 17    God:
                   SH:  0    Dex: 14

rFire   . . .        x - +5 war axe of Thoughtfulness {heavy, rPois rN++ Str-4 Dex+2}
rCold   . . .        (no shield)
rNeg    + + .        b - melded +0 leather armour
rPois   ∞            r - melded +0 helmet
rElec   .            (cloak currently unavailable)
rCorr   .            (gloves currently unavailable)
SInv    .            (boots unavailable)
Will    .....        (no amulet)
Stlth   +            (no ring)
HPRegen 0.33/turn    (no ring)
MPRegen 0.00/turn

%: infuse magic (-2 HP)
@: tree-form
A: stationary, stasis, torment immunity, boosted hp, sickness immunity, (fire
resistance 2), (cold vulnerability 1), float, innate caster, HP casting, extra
vitality 1
a: no special abilities


You were on level 6 of the Dungeon.
You were a tree.
You visited 1 branch of the dungeon, and saw 6 of its levels.

You collected 325 gold pieces.
You spent 161 gold pieces at shops.

Inventory:

Hand Weapons
 a - a +0 falchion
 x - the +5 war axe of Thoughtfulness (weapon) {heavy, rPois rN++ Str-4 Dex+2}
   (You bought it in a shop on level 5 of the Dungeon)

   Str-4:     It affects your strength (-4).
   Dex+2:     It affects your dexterity (+2).
   rPois:     It protects you from poison rN++: It greatly protects you from
   negative energy.
Missiles
 d - 7 darts of dispersal
 w - 3 poisoned darts
Armour
 b - a +0 leather armour (melded)
 r - a +0 helmet (melded)
Wands
 q - a wand of iceblast (7)
Scrolls
 c - a scroll of blinking
 f - 4 scrolls of teleportation
 g - a scroll of poison {unknown}
 i - a scroll of enchant armour {unknown}
 j - a scroll of torment
 l - a scroll of revelation {unknown}
 m - a scroll of fear {unknown}
 o - a scroll of butterflies {unknown}
 p - a scroll of identify
 s - a scroll of acquirement {unknown}
 t - 2 scrolls of immolation {unknown}
 v - a scroll of fog {unknown}
Potions
 e - 2 potions of attraction
 h - a potion of lignification
 k - a potion of might {unknown}
 n - a potion of magic {unknown}
 u - a potion of heal wounds {unknown}


   Skills:
 + Level 5.6 Fighting
 - Level 1.7 Long Blades
 - Level 0.7 Throwing
 - Level 1.0 Armour
 - Level 2.1 Dodging
 + Level 4.9 Spellcasting
 + Level 4.9 Conjurations
 + Level 4.9 Hexes
 + Level 4.9 Summonings
 + Level 4.9 Necromancy
 + Level 4.9 Translocations
 + Level 4.9 Fire Magic
 + Level 4.9 Ice Magic
 + Level 4.9 Air Magic
 + Level 4.9 Earth Magic
 + Level 4.9 Alchemy


You knew the following spells:

 Your Spells              Type           Power      Damage    Failure   Level
a - Blink                 Tloc           42%        N/A       2%          2
b - Lesser Beckoning      Tloc           42%        N/A       2%          2
c - Teleport Other        Tloc           21%        N/A       5%          3
d - Manifold Assault      Tloc           21%        N/A       19%         4
e - Vhi's Electric Charg  Tloc/Air       42%        N/A       19%         4
f - Necrotise             Necr           84%        1d8       1%          1
g - Searing Ray           Conj           42%        2d6       2%          2
h - Tukima's Dance        Hex            21%        N/A       5%          3
Your spell library was empty.

Dungeon Overview and Level Annotations

Branches:
Dungeon (6/15)
 Temple: D:4-7

Altars:

Shops:
D:5 (


Innate Abilities, Weirdness & Mutations

You are a tree.
Your roots penetrate the ground, keeping you stationary.
You cannot be teleported.
You are immune to unholy pain and torment.
Your maximum health is greatly increased.
Your equipment is partially melded.
You are immune to sickness and miasma.
You are immune to poison.
((Your flesh is very heat resistant. (rF++)))
((You are vulnerable to cold. (rC-)))
You float through the air rather than walking.
You learn spells naturally, not from books.
Your magical power is your life essence.
You have superior vitality. (+4 MHP)


Message History

The ice beast hits you but does no damage. x2
You slash the ice beast!
The ice beast is moderately wounded.
The ice beast hits you but does no damage. x2
You closely miss the ice beast.
The ice beast is moderately wounded.
The ice beast hits you but does no damage. x2
You slash the ice beast!
The ice beast is almost dead.
The ice beast hits you but does no damage. x2
You slice the ice beast!!
You kill the ice beast!
The bullfrog hits you but does no damage. x2
The bullfrog hits you.
* * * LOW HITPOINT WARNING * * *
You hit the bullfrog.
The bullfrog is moderately wounded.
The bullfrog hits you but does no damage. x3
You slash the bullfrog!
The bullfrog is almost dead.
The bullfrog hits you.
* * * LOW HITPOINT WARNING * * *
The bullfrog hits you but does no damage. x2
You closely miss the bullfrog.
The bullfrog is almost dead.
The bullfrog hits you.
* * * LOW HITPOINT WARNING * * *
The bullfrog hits you.
* * * LOW HITPOINT WARNING * * *
The bullfrog hits you but does no damage.
The bullfrog hits you.
* * * LOW HITPOINT WARNING * * *
You hit the bullfrog.
You kill the bullfrog!
The sleepcap releases spores at you but does no damage. x2
You feel less attractive to monsters.
You hit the sleepcap.
The sleepcap is lightly damaged.
The sleepcap releases spores at you.
You die...

#...........
#.........#.. .#
#.........#.. .#
#§###.. .#
#..##.##: ##.Y#.#..
########.#.#.##
#........F.#.<# ##
#....?.....#♣.# ...
#.........of###....
#..................
#.................#
#...............#.#
#...............#
##########......#
#......# #........


You could see a sleepcap and an orc.

Vanquished Creatures
  An ice beast (D:6)
  An ogre (D:4)
  A bullfrog (D:6)
  A scorpion (D:4)
  2 jellies (D:4)
  A bombardier beetle (D:4)
  An orc priest (D:6)
  2 iguanas
  2 adders
  A dart slug (D:2)
  2 orcs
  6 bats
  2 endoplasms
  2 giant cockroaches
  2 goblins
  8 hobgoblins
  4 quokkas
  4 ball pythons
  A frilled lizard (D:1)
  6 kobolds
  4 rats
54 creatures vanquished.

Notes
Turn   | Place    | Note
-------+----------+-------------------------------------------
     0 | D:1      | cforsyth the Djinni Warper began the quest for the Orb.
     0 | D:1      | cforsyth set off with the following spells memorised:
                  | Blink, Lesser Beckoning, Teleport Other, Manifold Assault,
                  | Vhi's Electric Charge.
     0 | D:1      | Reached XP level 1. HP: 18/18 MP: 0/0
   192 | D:1      | Reached XP level 2. HP: 18/23 MP: 0/0
   292 | D:1      | Found a faded altar of an unknown god.
   959 | D:2      | Reached XP level 3. HP: 20/29 MP: 0/0
   959 | D:2      | Learned a level 1 spell: Necrotise
  1102 | D:2      | Identified the +2 whip of Ascent {spect, *Corrode rF+++
                  | Str-5 Stlth+}
  1643 | D:3      | Reached skill level 3 in Fighting
  1784 | D:3      | Reached XP level 4. HP: 33/35 MP: 0/0
  1977 | D:3      | You are sucked into a shaft and drop 3 floors!
  1998 | D:5      | Entered Level 5 of the Dungeon
  2128 | D:4      | Noticed a scorpion
  2143 | D:4      | Killed a scorpion
  2144 | D:4      | Reached skill level 4 in Fighting
  2144 | D:4      | Reached XP level 5. HP: 13/41 MP: 0/0
  2144 | D:4      | Learned a level 2 spell: Searing Ray
  2324 | D:4      | Noticed an ogre
  2329 | D:4      | Killed an ogre
  2330 | D:4      | Reached XP level 6. HP: 44/48 MP: 0/0
  2911 | D:5      | Reached skill level 5 in Fighting
  3001 | D:5      | Found Uragouc's Antique Weapon Shoppe.
  3008 | D:5      | Bought an encrusted war axe for 161 gold pieces
  3008 | D:5      | Identified the +5 war axe of Thoughtfulness {heavy, rPois
                  | rN++ Str-4 Dex+2} (You bought it in a shop on level 5 of
                  | the Dungeon)
  3167 | D:5      | Noticed an ogre
  3208 | D:6      | Noticed an ice beast
  3213 | D:6      | Reached XP level 7. HP: 24/54 MP: 0/0
  3213 | D:6      | Learned a level 3 spell: Tukima's Dance
  3241 | D:6      | HP: 1/81 [bullfrog (4)]
  3243 | D:6      | Slain by a sleepcap

Illustrated notes

Levels and vault maps discovered:
D:1:      dpeg_arrival_three_same_balls, layout_loops_ring,
          dreamdust_ecumenical_altar_statues, hangedman_decor_push
D:2:      layout_loops_cross
D:3:      layout_rooms, serial_park_tiny_2, kennysheep_cross_bottleneck
D:4:      layout_loops_ring
D:5:      layout_loops_ring, serial_shops,
          nicolae_shop_competitors_out_of_business, grunt_ministairs_1
D:6:      layout_basic, uniq_pikel

Skill      XL: |  1  2  3  4  5  6 |
---------------+-------------------+-----
Spellcasting   | 3 4 |  4.9
Conjurations   | 3 4 |  4.9
Hexes          | 3 4 |  4.9
Summonings     | 3 4 |  4.9
Necromancy     | 3 4 |  4.9
Translocations | 3 4 |  4.9
Fire Magic     | 3 4 |  4.9
Ice Magic      | 3 4 |  4.9
Air Magic      | 3 4 |  4.9
Earth Magic    | 3 4 |  4.9
Alchemy        | 3 4 |  4.9
Fighting       | 3 4 5 |  5.6
Long Blades    | |  1.7
Throwing       | |  0.7
Armour         | |  1.0
Dodging        | |  2.1

Action                     |  1- 3 |  4- 6 |  7- 9 || total
---------------------------+-------+-------+-------++-------
  Melee: Falchion          |    68 |       |       ||    68
         War axe           |       |       |    10 ||    10
   Cast: Necrotise         |    36 |    26 |       ||    62
         Searing Ray       |       |    14 |       ||    14
         Blink             |       |       |     1 ||     1
    Use: Scroll            |       |       |     2 ||     2
         Potion            |       |       |     2 ||     2
 Armour: Leather armour    |    58 |    20 |    10 ||    88
         Skin              |       |       |    24 ||    24
  Dodge: Dodged            |    56 |    16 |    11 ||    83

Table legend: (Time is in decaauts)
 A = Elapsed time spent in this place.
 B = Non-inter-level travel time spent in this place.
 C = Inter-level travel time spent in this place.
 D = Time resting spent in this place.
 E = Time spent auto-exploring this place.
 F = Levels seen in this place.
 G = Mean time per level.
                   A        B        C        D        E       F      G
               +--------+--------+--------+--------+--------+-----+--------+
         Total |   3268 |   3170 |     98 |    136 |   2556 |   6 |  544.7 |
       Dungeon |   3268 |   3170 |     98 |    136 |   2556 |   6 |  544.7 |
               +--------+--------+--------+--------+--------+-----+--------+

Top non-repeatable levels by time:
     D:4: 900 daAuts
     D:2: 796 daAuts
     D:1: 776 daAuts
     D:3: 418 daAuts
     D:6: 207 daAuts
     D:5: 170 daAuts
